 Dungeon Crawl Stone Soup version 0.21.1-1-g345015fe64 (webtiles) character file.

6325 Holzbalken the Zephyrmancer (level 10, 0/78 HPs)
             Began as a Pale Draconian Air Elementalist on June 30, 2018.
             Was a Priest of Sif Muna.
             Killed by vampiric draining
             ... invoked by a vampire
              (8 damage)
             ... on level 10 of the Dungeon on July 2, 2018.
             The game lasted 02:17:30 (12740 turns).

Holzbalken the Zephyrmancer (DrAE)                 Turns: 12740, Time: 02:17:30

Health: 0/78       AC:  8    Str: 12    XL:     10   Next: 64%
Magic:  13/23      EV: 12    Int: 18    God:    Sif Muna [***...]
Gold:   544        SH:  0    Dex: 11    Spells: 10/27 levels left

rFire    + . .     SeeInvis .   h - +0 spear
rCold    x . .     Gourm    .   (no shield)
rNeg     . . .     Faith    .   (armour unavailable)
rPois    .         Spirit   .   (helmet restricted)
rElec    .         Reflect  .   D - +0 cloak
rCorr    .         Harm     .   (no gloves)
MR       .....                  (no boots)
Stlth    ++........             (no amulet)
HPRegen  0.23/turn              e - ring of fire
MPRegen  0.18/turn              (no ring)

@: divine energy
A: breathe steam, unfitting armour, cold-blooded, AC +7
a: Breathe Steam, Stop Divine Energy, Channel Magic, Renounce Religion


You were on level 10 of the Dungeon.
You worshipped Sif Muna.
Sif Muna was most pleased with you.
You were very hungry.

You visited 2 branches of the dungeon, and saw 11 of its levels.

You collected 544 gold pieces.

Inventory:

Hand Weapons
 h - a +0 spear (weapon)
 t - a +0 blowgun
 v - a +2 vampiric spear
Missiles
 u - 43 poisoned needles
Armour
 D - a +0 cloak (worn)
Jewellery
 e - a ring of fire (left hand)
 y - an uncursed amulet of guardian spirit {unknown}
 B - the ring "Dupsiteps" {rElec rC+ rN++ Int+3, unknown}
   (You found it on level 6 of the Dungeon)

   [ring of protection from cold]

   It affects your intelligence (+3).
   It protects you from cold.
   It insulates you from electricity.
   It greatly protects you from negative energy.
 J - an uncursed ring of fire
Wands
 s - a wand of acid (6)
 H - a wand of disintegration (19)
Scrolls
 c - a scroll of fear
 f - 5 scrolls of remove curse
 j - 2 scrolls of teleportation
 k - 6 scrolls of identify
 p - a scroll of brand weapon {unknown}
 q - 3 scrolls of fog
 x - a scroll of enchant armour {unknown}
 A - a scroll of noise {unknown}
 C - 7 scrolls of amnesia {unknown}
 E - a scroll of blinking {unknown}
 G - a scroll of enchant weapon {unknown}
 I - a scroll of random uselessness {unknown}
Potions
 d - a potion of agility
 g - 3 potions of brilliance
 i - 4 potions of lignification
 l - a potion of haste
 m - 2 potions of magic
 n - 3 potions of mutation {unknown}
 r - a potion of berserk rage {unknown}
 w - 2 potions of invisibility
 z - 2 potions of heal wounds {unknown}
 F - 2 potions of curing
Books
 a - a book of Air

   Spells                             Type                      Level
   a - Shock                          Conjuration/Air              1
   b - Swiftness                      Charms/Air                   2
   c - Static Discharge               Conjuration/Air              3
   d - Airstrike                      Air                          4
   e - Lightning Bolt                 Conjuration/Air              5
 o - a book of Minor Magic

   Spells                             Type                      Level
   a - Magic Dart                     Conjuration                  1
   b - Blink                          Translocation                2
   c - Call Imp                       Summoning                    2
   d - Slow                           Hexes                        2
   e - Conjure Flame                  Conjuration/Fire             3
   f - Mephitic Cloud                 Conjuration/Poison/Air       3
Comestibles
 b - 8 rations


   Skills:
 * Level 3.8 Fighting
 - Level 1.7 Dodging
 - Level 1.7 Stealth
 - Level 0.1 Unarmed Combat
 + Level 9.0 Spellcasting
 + Level 5.3 Conjurations
 + Level 2.1 Translocations
 + Level 4.2 Fire Magic
 * Level 11.6 Air Magic


You had 10 spell levels left.
You knew the following spells:

 Your Spells              Type           Power        Failure   Level  Hunger
a - Shock                 Conj/Air       ####         1%          1    None
b - Swiftness             Chrm/Air       ####....     1%          2    None
c - Airstrike             Air            #####.....   1%          4    ###....
d - Blink                 Tloc           N/A          5%          2    None
e - Conjure Flame         Conj/Fire      #####...     3%          3    None
f - Lightning Bolt        Conj/Air       #####.....   8%          5    #####..


Dungeon Overview and Level Annotations

Branches:
Dungeon (10/15)            Temple (1/1) D:6            Lair (0/6) D:8
    Orc: D:9-12

Altars:
Ashenzari
Cheibriados
Dithmenos
Elyvilon
Fedhas
Gozag
Hepliaklqana
Kikubaaqudgha
Makhleb
Nemelex Xobeh
Okawaru
Qazlal
Ru
Sif Muna
Trog
Uskayaw
Vehumet
Wu Jian
Xom
Yredelemnul
Zin
The Shining One

Shops:
D:8 !((((

Annotations:
D:4 exclusion: 4 doors


Innate Abilities, Weirdness & Mutations

You can breathe blasts of scalding, opaque steam.
Your pale cyan-grey scales are hard. (AC +7)
You cannot fit into any form of body armour.
You are cold-blooded and may be slowed by cold attacks.


Message History

Casting: Shock
Confirm with . or Enter, or press ? or * to list all spells.
Aiming: Shock
Press: ? - help, Shift-Dir - straight line The zap misses the vampire.
The zap hits the vampire.
The vampire is almost destroyed.
The vampire hits you with an enchanted rapier!
* * * LOW HITPOINT WARNING * * *
The vampire bites you!
* * * LOW HITPOINT WARNING * * *
The vampire draws strength from your injuries!
Casting: Shock
Confirm with . or Enter, or press ? or * to list all spells.
Aiming: Shock
Press: ? - help, Shift-Dir - straight line The zap hits the vampire.
The vampire is almost destroyed.
The zap misses the vampire.
The vampire is infused with unholy energy.
You die...

..# ...# ...# ...
###'# #)..# #.###
###V######
#..@.....#
#........#
###........#
#.'........#
.......#........#
....####...<....#
### #........#
#........#
#####'####


You could see a vampire.

Vanquished Creatures
  A two-headed ogre (D:8)
  The ghost of Scypier the Slinger, a novice HaHu of Okawaru (D:7)
  A gargoyle (D:9)
  2 trolls
  Grinder (D:5)
  A hippogriff (D:7)
  The ghost of brujo666 the Covert, an amateur OpAs (D:4)
  A yak (D:8)
  2 hungry ghosts
  A steam dragon (D:9)
  Menkaure (D:7)
  A water moccasin (D:6)
  3 porcupines (D:8)
  An orc warrior (D:10)
  4 black bears
  4 ogres
  A phantom (D:6)
  4 centaurs
  5 bullfrogs
  A water moccasin zombie (D:8)
  3 scorpions
  4 howler monkeys
  4 crimson imps
  3 orc priests
  3 hounds
  2 centaur skeletons
  A bullfrog skeleton (D:7)
  A jelly (D:5)
  An iguana (D:9)
  5 orc wizards
  3 worker ants
  A howler monkey zombie (D:5)
  6 adders
  4 gnolls (D:4)
  A shadow imp (D:9)
  3 oozes
  5 worms
  2 dart slugs (D:1)
  5 leopard geckos
  18 orcs
  12 bats
  A bat zombie (D:9)
  2 giant cockroaches
  11 goblins
  8 hobgoblins
  10 jackals
  2 frilled lizards
  9 kobolds
  A quokka skeleton (D:6)
  11 rats
  2 rat zombies (D:9)
  3 plants (D:8)
184 creatures vanquished.

Vanquished Creatures (others)
  An orc (D:10)
  20 fungi (D:8)
  4 plants (D:8)
25 creatures vanquished.

Grand Total: 209 creatures vanquished

Notes
Turn   | Place    | Note
-------+----------+-------------------------------------------
     0 | D:1      | Holzbalken the Draconian Air Elementalist began the quest for the Orb.
     0 | D:1      | Reached XP level 1. HP: 14/14 MP: 3/3
    59 | D:1      | Reached XP level 2. HP: 13/20 MP: 1/5
   737 | D:1      | Reached XP level 3. HP: 26/26 MP: 0/6
  1485 | D:2      | Reached skill level 4 in Air Magic
  1573 | D:2      | Found a shadowy altar of Dithmenos.
  2092 | D:2      | Reached XP level 4. HP: 33/33 MP: 5/7
  2818 | D:3      | Found a sacrificial altar of Ru.
  3037 | D:3      | Reached XP level 5. HP: 38/38 MP: 5/9
  4084 | D:4      | Reached XP level 6. HP: 22/46 MP: 0/10
  4084 | D:4      | Reached skill level 5 in Air Magic
  4708 | D:4      | Noticed a sky beast
  4998 | D:4      | Learned a level 2 spell: Swiftness
  5204 | D:4      | Noticed brujo666's ghost (amateur OpAs)
  5356 | D:5      | Entered Level 5 of the Dungeon
  5384 | D:4      | Learned a level 4 spell: Airstrike
  5393 | D:4      | Killed brujo666's ghost
  5393 | D:4      | Your scales start taking on a pale cyan-grey colour.
  5393 | D:4      | Reached skill level 6 in Air Magic
  5393 | D:4      | Reached XP level 7. HP: 40/51 MP: 0/12
  5397 | D:4      | Learned a level 2 spell: Blink
  5401 | D:4      | Learned a level 3 spell: Conjure Flame
  6031 | D:5      | Reached skill level 1 in Fighting
  6031 | D:5      | Reached skill level 1 in Fire Magic
  6153 | D:5      | Reached skill level 1 in Translocations
  6153 | D:5      | Reached skill level 7 in Air Magic
  6488 | D:5      | Found a glowing silver altar of Zin.
  6656 | D:5      | Reached XP level 8. HP: 51/59 MP: 10/14
  7111 | D:5      | Reached skill level 5 in Spellcasting
  7168 | D:5      | Noticed Grinder
  7173 | D:5      | Paralysed by something for 6 turns
  7180 | D:5      | Paralysed by something for 5 turns
  7207 | D:5      | Paralysed by Grinder for 4 turns
  7214 | D:5      | Killed Grinder
  7214 | D:5      | Reached skill level 8 in Air Magic
  7714 | D:6      | Got a bound marble ring
  7827 | D:6      | Found a staircase to the Ecumenical Temple.
  7859 | D:6      | Reached skill level 9 in Air Magic
  7860 | D:6      | Found a shimmering altar of Xom.
  7864 | Temple   | Entered the Ecumenical Temple
  7988 | Temple   | Became a worshipper of Sif Muna the Loreminder
  8035 | D:6      | Found an ornate altar of the Wu Jian Council.
  8632 | D:6      | Reached skill level 10 in Air Magic
  8776 | D:7      | Reached XP level 9. HP: 67/67 MP: 4/16
  8965 | D:7      | Noticed Menkaure
  8968 | D:7      | Killed Menkaure
  9030 | D:7      | Noticed Scypier's ghost (novice HaHu)
  9242 | D:7      | Killed Scypier's ghost
  9242 | D:7      | Reached * piety under Sif Muna
  9751 | D:8      | Found Tuxzenog's Distillery.
  9845 | D:8      | Found Tul Emil's Weapon Emporium.
  9883 | D:8      | Found Lojemoant's Antique Weapon Shoppe.
 10149 | D:8      | Reached ** piety under Sif Muna
 10315 | D:8      | Reached XP level 10. HP: 77/77 MP: 2/22
 10501 | D:8      | Noticed a two-headed ogre
 10512 | D:8      | Killed a two-headed ogre
 10746 | D:8      | Found a staircase to the Lair.
 10781 | D:8      | Reached skill level 11 in Air Magic
 10851 | D:8      | Found Wanewo's Weapon Shop.
 10885 | D:8      | Found Dazoyf's Antique Weapon Boutique.
 11222 | D:8      | Found a hazy altar of Hepliaklqana.
 11223 | D:8      | Found a stormy altar of Qazlal.
 11223 | D:8      | Found an iron altar of Okawaru.
 11223 | D:8      | Found a blossoming altar of Fedhas.
 11231 | D:8      | Found a basalt altar of Yredelemnul.
 11237 | D:8      | Found a sacrificial altar of Ru.
 11435 | D:9      | Found a white marble altar of Elyvilon.
 11524 | D:9      | Reached skill level 5 in Conjurations
 11890 | D:9      | Found an ancient bone altar of Kikubaaqudgha.
 12139 | D:9      | Learned a level 5 spell: Lightning Bolt
 12144 | D:9      | Reached *** piety under Sif Muna
 12457 | D:10     | Entered Level 10 of the Dungeon
 12457 | D:10     | Noticed a gargoyle
 12465 | D:9      | Killed a gargoyle
 12740 | D:10     | Killed from afar by a vampire

Skill      XL: |  1  2  3  4  5  6  7  8  9 10 |
---------------+-------------------------------+-----
Air Magic      | 4 6 7 10 11 | 11.6
Conjurations   | 2 3 4 5 |  5.3
Spellcasting   | 3 4 5 8 9 |  9.0
Fighting       | 1 3 |  3.8
Fire Magic     | 1 3 4 |  4.2
Translocations | 1 2 |  2.1
Dodging        | |  1.7
Stealth        | |  1.7
Unarmed Combat | |  0.1

Action                   |  1- 3 |  4- 6 |  7- 9 | 10-12 || total
-------------------------+-------+-------+-------+-------++-------
Melee: Unarmed           |    30 |       |       |       ||    30
       Tailslap          |     4 |       |     1 |       ||     5
       Spear             |     8 |     6 |    13 |       ||    27
 Fire: Blowgun           |       |     1 |       |       ||     1
 Cast: Shock             |    84 |   119 |   186 |   101 ||   490
       Airstrike         |       |     2 |    16 |    17 ||    35
       Swiftness         |       |     2 |       |       ||     2
       Conjure Flame     |       |       |    16 |    11 ||    27
       Blink             |       |       |     2 |       ||     2
       Lightning Bolt    |       |       |       |     3 ||     3
Invok: Divine Energy     |       |       |     1 |       ||     1
 Abil: Breathe Steam     |       |       |     1 |       ||     1
  Use: Scroll            |       |     5 |     4 |       ||     9
       Potion            |       |       |     3 |       ||     3
  Eat: Chunk             |     1 |     5 |     9 |     9 ||    24
       Ration            |     1 |     2 |     3 |       ||     6
Armor: Skin              |    30 |    18 |    20 |     9 ||    77
Dodge: Dodged            |    50 |    47 |    55 |    15 ||   167
